 Dungeon Crawl Stone Soup version 0.21-a0-528-gf531e82 (webtiles) character file.

46 slep the Chopper (level 3, 0/27 HPs)
             Began as a Demonspawn Gladiator on Dec 9, 2017.
             Slain by a gnoll
             ... wielding a +0 flail
              (4 damage)
             ... on level 3 of the Dungeon.
             The game lasted 00:02:48 (846 turns).

slep the Chopper (Demonspawn Gladiator)              Turns: 846, Time: 00:02:48

Health: 0/27       AC:  8    Str: 14    XL:     3   Next: 44%
Magic:  3/3        EV: 12    Int:  9    God:
Gold:   148        SH:  3    Dex: 15    Spells: 2/2 levels left

rFire    . . .     SeeInvis .   a - +0 war axe
rCold    . . .     Gourm    .   o - +0 buckler
rNeg     . . .     Faith    .   b - +0 leather armour
rPois    .         Spirit   .   c - +0 helmet
rElec    .         Reflect  .   (no cloak)
rCorr    .         Harm     .   (no gloves)
MR       .....                  (no boots)
Stlth    +.........             (no amulet)
HPRegen  0.09/turn              l - +1 ring of protection
MPRegen  0.08/turn              (no ring)

@: no status effects
A: icy blue scales 2
a: no special abilities


You were on level 3 of the Dungeon.
You were not hungry.

You visited 1 branch of the dungeon, and saw 3 of its levels.

You collected 148 gold pieces.

Inventory:

Hand Weapons
 a - a +0 war axe (weapon)
Missiles
 d - 4 throwing nets (quivered)
Armour
 b - a +0 leather armour (worn)
 c - a +0 helmet (worn)
 o - a +0 buckler (worn)
Jewellery
 l - a +1 ring of protection (left hand)
Scrolls
 e - 3 scrolls of identify {unknown}
 g - a scroll of teleportation {unknown}
 i - a scroll of noise {unknown}
Potions
 j - a potion of degeneration {unknown}
 k - a potion of flight {unknown}
 m - a potion of cancellation {unknown}
 p - a potion of magic {unknown}
Comestibles
 f - 3 bread rations
 h - a royal jelly
 n - 2 meat rations


   Skills:
 + Level 2.2 Fighting
 + Level 3.4 Axes
 + Level 1.9 Throwing
 + Level 0.5 Armour
 + Level 3.1 Dodging


You had 2 spell levels left.
You didn't know any spells.

Dungeon Overview and Level Annotations

Branches:
Dungeon (3/15)

Altars:

Annotations:
D:3 Jessica


Innate Abilities, Weirdness & Mutations

You are mostly covered in icy blue scales. (AC +3)


Message History

Your shield prevents you from hitting the gnoll.
The gnoll hits you but does no damage. The gnoll hits you with a spear.
The gnoll hits you from afar with a spear.
* * * LOW HITPOINT WARNING * * *
The gnoll hits you with a flail.
* * * LOW HITPOINT WARNING * * *
You block the gnoll's attack.
There is a stone staircase leading down here.
You block the gnoll's attack.
You climb downwards.
You hear the sound of rushing water.
There is an entrance to a sewer on this level.
Hurry and find it before the portal rusts away!
A goblin and Jessica come into view.
Jessica shouts!
The goblin shouts!
Found 9 gold pieces.
There is a stone staircase leading up here.
You hit the gnoll.
The gnoll is heavily wounded.
The gnoll hits you with a flail.
You die...

############
#..@g.......
#.###.#####.
.. ..$ #.
.#.# # .....
.g ... @..
#.. ... ..


You could see a gnoll.

Vanquished Creatures
  2 adders (D:2)
  A worm (D:2)
  2 dart slugs (D:1)
  A bat (D:2)
  A giant cockroach (D:2)
  6 goblins
  A hobgoblin (D:2)
  A jackal (D:2)
  A kobold (D:2)
  A quokka (D:2)
  A frilled lizard (D:2)
  3 rats (D:1)
21 creatures vanquished.

Notes
Turn   | Place    | Note
-------+----------+-------------------------------------------
     0 | D:1      | slep the Demonspawn Gladiator began the quest for the Orb.
     0 | D:1      | Reached XP level 1. HP: 16/16 MP: 1/1
   375 | D:1      | Gained mutation: You are partially covered in icy blue scales. (AC +2) [demonic ancestry]
   375 | D:1      | Reached XP level 2. HP: 20/22 MP: 2/2
   589 | D:2      | Gained mutation: You are mostly covered in icy blue scales. (AC +3) [demonic ancestry]
   589 | D:2      | Reached XP level 3. HP: 27/27 MP: 3/3
   685 | D:2      | Found a faded altar of an unknown god.
   844 | D:3      | Noticed Jessica
   846 | D:3      | Slain by a gnoll

Vault maps used:
D:1:      lightli_arrival_isolated_outpost
D:2:      tso_metal_star, chequers_ecumenical_altar_island
D:3:      fedhas_altar_4, marbit_many_paths, grunt_temple_overflow_diamond,
          cheibrodos_sewer_entry_bend, uniq_jessica, uniq_robin, uniq_sigmund

Skill      XL: |  1  2 |
---------------+-------+-----
Dodging        | 3 |  3.1
Axes           | 3 |  3.4
Fighting       | |  2.2
Throwing       | |  1.9
Armour         | |  0.5

Action                   || total
-------------------------++-------
Melee: War axe           ||    68
Armor: Leather armour    ||    29
Dodge: Dodged            ||    48
Block: Buckler           ||     3

Table legend:
 A = Spawn XP
 B = Non-spawn XP
 C = Spawn XP percentage of total XP
 D = Spawn monster count
 E = Non-spawn monster count
 F = Spawn count percentage of total count
 G = Total turns spent on level
                    A         B        C        D         E        F      G
               +---------+---------+-------+---------+---------+-------+---------
         Total |       0 |      66 |   0.0 |       0 |      21 |   0.0 |   846
               +---------+---------+-------+---------+---------+-------+---------
           D:1 |       0 |      17 |   0.0 |       0 |       9 |   0.0 |   519
           D:2 |       0 |      49 |   0.0 |       0 |      12 |   0.0 |   325
               +---------+---------+-------+---------+---------+-------+---------
